 Dungeon Crawl Stone Soup version 0.20.1-1-g8b1a95d (webtiles) character file.

1255 nightbobicus the Cudgeler (level 8, -9/71 HPs)
             Began as a Hill Orc Fighter on Aug 10, 2017.
             Was a Believer of Beogh.
             Mangled by an ogre
             ... wielding a +0 giant spiked club
              (19 damage)
             ... on level 7 of the Dungeon.
             The game lasted 00:11:49 (5764 turns).

nightbobicus the Cudgeler (Hill Orc Fighter)        Turns: 5764, Time: 00:11:50

Health: -9/71      AC: 11    Str: 21    XL:     8   Next: 51%
Magic:  8/8        EV:  6    Int:  8    God:    Beogh [**....]
Gold:   235        SH: 10    Dex: 10    Spells: 7/7 levels left

rFire    + . .     SeeInvis .   C - +1 flail (holy)
rCold    x . .     Gourm    .   c - +0 shield
rNeg     + . .     Faith    .   F - +1 chain mail {rN+}
rPois    .         Spirit   .   (no helmet)
rElec    .         Reflect  .   (no cloak)
rCorr    .         Harm     .   (no gloves)
MR       .....                  (no boots)
Stlth    ..........             (no amulet)
Regen    0.3/turn               (no ring)
MPRegen  0.2/turn               u - ring of fire

@: very slightly contaminated
A: no striking features
a: Smiting, Renounce Religion


You were on level 7 of the Dungeon.
You worshipped Beogh.
Beogh was pleased with you.
You were hungry.

You visited 1 branch of the dungeon, and saw 7 of its levels.

You collected 235 gold pieces.

Inventory:

Hand Weapons
 a - a +1 flail
 k - a +0 flail of protection
 C - a +1 flail of holy wrath (weapon)
Armour
 b - a +0 scale mail
 c - a +0 shield (worn)
 F - a +1 chain mail of positive energy (worn)
Jewellery
 j - an uncursed ring of flight
 t - an uncursed ring of fire
 u - a ring of fire (right hand)
Scrolls
 m - a scroll of fog {unknown}
 p - 2 scrolls of magic mapping
 r - a scroll of amnesia
 y - a scroll of remove curse
Potions
 d - 4 potions of might
 g - 2 potions of flight {unknown}
 i - a potion of mutation
 l - 3 potions of curing {unknown}
 n - a potion of lignification {unknown}
 o - a potion of cancellation {unknown}
 q - 2 potions of resistance {unknown}
 v - a potion of heal wounds {unknown}
 z - a potion of degeneration {unknown}
 B - 2 potions of brilliance {unknown}
 E - a potion of invisibility {unknown}
Books
 A - a book of Cantrips

   Spells                             Type                      Level
   a - Confusing Touch                Hexes                        1
   b - Animate Skeleton               Necromancy                   1
   c - Summon Small Mammal            Summoning                    1
   d - Apportation                    Translocation                1
Comestibles
 f - 4 bread rations
 h - a royal jelly
 w - 2 meat rations


   Skills:
 * Level 6.8 Fighting
 + Level 6.8 Maces & Flails
 + Level 6.0 Armour
 + Level 5.9 Shields


You had 7 spell levels left.
You didn't know any spells.

Dungeon Overview and Level Annotations

Branches:
Dungeon (7/15)             Temple (0/1) D:5

Altars:
Makhleb
Qazlal
Uskayaw


Message History

You feel aware of your surroundings.
You sensed 6 altars, and 1 shop/portal.
The ogre seems to regain its courage.
Cornered, the ogre turns to fight!
You block the hippogriff's attack. x2
The hippogriff claws you but does no damage.
The hippogriff barely misses you. The hippogriff pecks you.
The hippogriff claws you.
You open the door. The hippogriff bites you.
* * * LOW HITPOINT WARNING * * *
You block the hippogriff's attack.
The hippogriff claws you but does no damage.
The ogre hits you with a giant spiked club!
* * * LOW HITPOINT WARNING * * *
Blink to where?
Press: ? - help, Dir - move target cursor You are very lightly contaminated with residual magic.
As you read the scroll of blinking, it crumbles to dust.
You open the door.
There is an open door here.
The ogre hits you with a giant spiked club!!
You die...

,,,,,,,,,,,+,,,,,,,,,,,,,,>* *,,,
,,,,,,,,,..#####**********,* *,,,
,******,,.......,,,,,,,* *,* *,,,
** *,,.......,,,,,,,**#+###.,,
*,,.......,,,,,,,**.......,
*,,.......*********.......,
*,,.......* #####.......,
*******,,.......#####...........,
,,,,,,,,,.......@OH.'...........,
,,,,,,,,,.......#####...........,
**,******+######*#..............,
,*,******,* #..............,
,,,,,,,<*+**** #..............,
,,,,,,,,,,,,,* #..............,
,,,,,,,,,,,,,* #..............,
,,,,,,,,,,,,,* #..............,
,,,,,,,,,,,,,* ######.....####*


You could see a hippogriff and an ogre.

Vanquished Creatures
  Sigmund (D:4)
  Edmund (D:4)
  2 phantoms
  A centaur (D:5)
  An ogre (D:4)
  A howler monkey (D:4)
  A bullfrog zombie (D:5)
  2 hounds (D:5)
  A centaur skeleton (D:5)
  3 iguanas
  2 orc wizards (D:5)
  A worker ant (D:4)
  A killer bee zombie (D:5)
  2 hound skeletons
  A worker ant zombie (D:5)
  4 gnolls
  12 adders
  An ooze (D:5)
  An adder zombie (D:6)
  2 worms
  4 dart slugs
  4 leopard geckos
  9 orcs
  2 ball pythons
  3 giant cockroaches
  5 goblins
  4 hobgoblins
  15 jackals
  3 quokkas
  4 bats
  2 frilled lizards
  9 kobolds
  8 rats
113 creatures vanquished.

Vanquished Creatures (others)
  An orc (D:3)
  A ball python (D:3)
  2 goblins (D:3)
  A quokka (D:3)
  A bat (D:3)
6 creatures vanquished.

Grand Total: 119 creatures vanquished

Notes
Turn   | Place    | Note
-------+----------+-------------------------------------------
     0 | D:1      | nightbobicus the Hill Orc Fighter began the quest for the Orb.
     0 | D:1      | Reached XP level 1. HP: 19/19 MP: 1/1
   210 | D:1      | Reached XP level 2. HP: 5/27 MP: 2/2
   523 | D:1      | Reached XP level 3. HP: 33/33 MP: 3/3
  1180 | D:2      | Found a stormy altar of Qazlal.
  1258 | D:2      | Reached XP level 4. HP: 15/40 MP: 4/4
  2334 | D:3      | Became a worshipper of Beogh the Brigand
  2538 | D:3      | Reached XP level 5. HP: 36/47 MP: 5/5
  2630 | D:3      | Found a burning altar of Makhleb.
  2996 | D:4      | Noticed Edmund
  3008 | D:4      | Killed Edmund
  3008 | D:4      | Reached XP level 6. HP: 20/53 MP: 6/6
  3205 | D:4      | Noticed Sigmund
  3229 | D:4      | Killed Sigmund
  3229 | D:4      | Reached skill level 5 in Fighting
  3229 | D:4      | Reached skill level 5 in Maces & Flails
  3229 | D:4      | Reached skill level 5 in Armour
  3229 | D:4      | Reached XP level 7. HP: 27/61 MP: 7/7
  4051 | D:4      | Reached skill level 5 in Shields
  4177 | D:5      | Entered Level 5 of the Dungeon
  4669 | D:5      | Reached * piety under Beogh
  4696 | D:5      | Reached XP level 8. HP: 28/70 MP: 8/8
  4943 | D:5      | Found a staircase to the Ecumenical Temple.
  5169 | D:5      | Found a hide-covered altar of Uskayaw.
  5170 | D:5      | Noticed a dagger
  5171 | D:5      | Noticed a dagger
  5650 | D:6      | Reached ** piety under Beogh
  5748 | D:7      | Noticed a hippogriff
  5764 | D:7      | Mangled by an ogre

Skill      XL: |  1  2  3  4  5  6  7  8 |
---------------+-------------------------+-----
Fighting       | 4 5 6 |  6.8
Armour         | 4 5 6 |  6.0
Maces & Flails | 3 4 5 6 |  6.8
Shields        | 4 5 |  5.9

Action                   |  1- 3 |  4- 6 |  7- 9 || total
-------------------------+-------+-------+-------++-------
Melee: Flail             |   118 |   160 |   305 ||   583
Throw: Throwing net      |       |     1 |     4 ||     5
Invok: Convert to Beogh  |       |     1 |       ||     1
  Use: Scroll            |       |    13 |     7 ||    20
 Stab: Held in net/web   |       |       |     1 ||     1
  Eat: Chunk             |     1 |     5 |    10 ||    16
Armor: Scale mail        |    79 |   104 |   121 ||   304
       Chain mail        |       |       |    25 ||    25
Dodge: Dodged            |    59 |    60 |    83 ||   202
Block: Shield            |    69 |   103 |   162 ||   334
